Map: Golden Wall LE

Players

TLHarstem (Harstem) - Winner!

  • Race: Protoss Protoss
  • League: Master
  • Spawn Location: 5:00

LiquidClem (Clem)

  • Race: Terran Terran
  • League: Grandmaster
  • Spawn Location: 7:00

Event: StayAtHomestory Cup #1

VOD

Have the link to the VOD?

Description

Time

  • Played on: April 10, 2020, 9:12 a.m.
  • Length: 16:40

All games in this series

Show
View Real Time Build Order
Export as new Build Order

TLHarstem Protoss - Winner!

Build Orders: 1 Gate Expand, Oracle Opening, Colossus Rush 

Get SALT Encoding   

  12  0:00  Probe  
  13  0:12  Probe  
  14  0:18  Pylon  
  14  0:25  Probe (Chrono Boost)  
  15  0:36  Gateway  
  15  0:37  Probe (Chrono Boost)  
  16  0:45  Probe (Chrono Boost)  
  16  0:47  Assimilator  
  17  0:51  Probe  
  18  1:03  Probe  
  19  1:15  Probe  
  20  1:23  Nexus  
  20  1:31  Cybernetics Core  
  20  1:35  Probe  
  21  1:40  Assimilator  
  21  1:48  Probe  
  21  1:50  Pylon  
  22  2:00  Probe  
  23  2:05  Adept (Chrono Boost)  
  25  2:12  Probe  
  25  2:14  Stargate  
  26  2:24  Warp Gate, Probe  
  26  2:27  Adept (Chrono Boost)  
  29  2:35  Probe  
  29  2:36  Probe  
  31  2:44  Shield Battery  
  31  2:47  Probe  
  31  2:48  Probe  
  31  2:51  Adept  
  35  2:59  Probe  
  35  3:04  Oracle (Chrono Boost)  
  35  3:05  Probe  
  36  3:11  Probe  
  40  3:17  Probe  
  41  3:23  Probe, Pylon  
  42  3:35  Probe  
  42  3:36  Probe  
  43  3:50  Probe  
  43  3:51  Nexus  
  43  3:53  Pylon  
  44  4:00  Probe  
  44  4:02  Probe  
  45  4:03  Robotics Facility  
  45  4:12  Phoenix  
  45  4:16  Probe x2 (Chrono Boost)  
  45  4:17  Gateway  
  49  4:26  Gateway  
  49  4:28  Probe x2 (Chrono Boost)  
  49  4:30  Pylon  
  51  4:36  Probe (Chrono Boost), Assimilator  
  51  4:37  Probe (Chrono Boost)  
  53  4:40  Assimilator  
  53  4:43  Probe, Phoenix (Chrono Boost)  
  56  4:46  Probe  
  56  4:49  Pylon  
  57  4:53  Observer (Chrono Boost)  
  57  4:55  Probe  
  57  4:59  Probe, Robotics Bay  
  61  5:08  Probe, Immortal (Chrono Boost)  
  61  5:12  Sentry  
  61  5:13  Probe  
  68  5:15  Probe  
  68  5:20  Probe  
  68  5:21  Phoenix (Chrono Boost)  
  70  5:26  Probe  
  70  5:27  Zealot  
  75  5:29  Probe  
  75  5:32  Pylon  
  75  5:33  Probe  
  77  5:38  Probe  
  77  5:41  Probe  
  79  5:44  Forge  
  79  5:46  Probe  
  79  5:47  Colossus (Chrono Boost)  
  80  5:52  Probe  
  80  5:55  Probe  
  88  6:00  Extended Thermal Lance (Chrono Boost)  
  88  6:01  Sentry, Stalker  
  92  6:06  Probe  
  92  6:08  Probe  
  92  6:09  Probe  
  95  6:12  Shield Battery  
  95  6:13  Pylon  
  95  6:14  Phoenix  
  97  6:20  Zealot  
  97  6:21  Protoss Ground Weapons Level 1  
  97  6:23  Probe  
  97  6:24  Pylon  
  100  6:33  Zealot  
  100  6:34  Zealot  
  104  6:43  Stalker  
  101  6:48  Colossus (Chrono Boost)  
  101  6:53  Probe  
  104  6:54  Assimilator  
  104  6:58  Assimilator  
  104  6:59  Pylon  
  104  7:00  Zealot x2  
  108  7:03  Probe, Pylon  
  108  7:05  Probe  
  110  7:08  Phoenix  
  110  7:09  Probe  
  110  7:11  Photon Cannon  
  110  7:15  Probe  
  114  7:20  Probe  
  114  7:21  Probe  
  114  7:26  Stalker x3  
  111  7:42  Probe x2  
  107  7:50  Zealot x2  
  107  7:51  Zealot  
  108  7:53  Probe  
  108  7:54  Probe, Colossus (Chrono Boost)  
  108  7:55  Probe  
  108  7:58  Forge  
  117  8:01  Twilight Council  
  117  8:05  Probe  
  118  8:08  Probe  
  117  8:13  Gateway  
  117  8:15  Gateway  
  117  8:16  Pylon  
  117  8:17  Sentry, Zealot x2  
  123  8:33  Warp Prism (Chrono Boost)  
  123  8:34  Nexus  
  123  8:39  Protoss Ground Weapons Level 2 (Chrono Boost)  
  123  8:41  Stalker x3  
  131  8:43  Shield Battery  
  131  8:44  Pylon  
  127  8:57  Probe  
  114  9:05  Stalker x3  
  114  9:08  Probe  
  114  9:09  Probe, Charge (Chrono Boost)  
  118  9:12  Disruptor (Chrono Boost)  
  118  9:13  Forge  
  121  9:22  Stalker x2  
  123  9:30  Photon Cannon  
  123  9:32  Probe  
  123  9:33  Probe  
  123  9:38  Disruptor (Chrono Boost)  
  128  9:40  Gateway  
  128  9:44  Dark Shrine  
  128  9:47  Gateway  
  128  9:54  Probe  
  128  9:55  Zealot x5  
  139  10:02  Protoss Ground Armor Level 1 (Chrono Boost)  
  139  10:03  Probe (Chrono Boost)  
  139  10:04  Probe (Chrono Boost)  
  139  10:05  Probe (Chrono Boost)  
  139  10:06  Disruptor  
  145  10:11  Probe (Chrono Boost)  
  145  10:15  Pylon  
  145  10:17  Templar Archives  
  145  10:18  Robotics Facility  
  145  10:21  Probe (Chrono Boost)  
  147  10:22  Gravitic Drive (Chrono Boost)  
  147  10:23  Probe (Chrono Boost)  
  147  10:24  Probe (Chrono Boost)  
  147  10:27  Observer  
  147  10:28  Stalker x2  
  152  10:34  Assimilator  
  152  10:37  Zealot x3  
  152  10:38  Assimilator  
  152  10:41  Probe  
  159  10:43  Pylon  
  159  10:49  Disruptor (Chrono Boost)  
  162  10:53  Probe  
  159  10:57  Probe  
  159  11:00  Pylon  
  159  11:02  Dark Templar x3  
  159  11:03  Protoss Ground Weapons Level 3 (Chrono Boost), Zealot x3  
  169  11:13  Disruptor (Chrono Boost)  
  170  11:20  Probe  
  164  11:29  Stalker x3, Disruptor (Chrono Boost)  
  164  11:30  Zealot  
  168  11:33  Photon Cannon  
  168  11:34  Photon Cannon  
  168  11:37  Shield Battery  
  166  11:40  Pylon  
  166  11:41  Dark Templar, Zealot x2  
  166  11:44  Disruptor (Chrono Boost)  
  175  12:01  Disruptor (Chrono Boost)  
  164  12:17  Zealot x7  
  153  12:28  Disruptor (Chrono Boost)  
  135  12:35  Probe  
  126  12:38  Blink (Chrono Boost)  
  126  12:43  Zealot x3, Stalker x2  
  126  12:44  Zealot  
  133  12:45  Disruptor (Chrono Boost)  
  133  12:46  Dark Templar  
  136  12:56  Probe, Disruptor  
  136  12:57  Protoss Ground Armor Level 2  
  136  13:00  Gateway  
  136  13:02  Gateway  
  134  13:10  Dark Templar, Zealot  
  134  13:11  Dark Templar, Zealot  
  141  13:14  Dark Templar x2  
  143  13:26  Sentry  
  145  13:27  Pylon  
  145  13:29  Gateway  
  145  13:32  Gateway  
  145  13:33  Stalker x2  
  147  13:37  Nexus  
  143  13:45  Stalker x2  
  150  13:51  Dark Templar, Zealot x2  
  138  13:59  Disruptor (Chrono Boost)  
  138  14:00  Dark Templar  
  138  14:01  Zealot x3  
  143  14:03  Protoss Shields Level 1  
  143  14:05  Probe  
  136  14:21  Nexus  
  136  14:22  Sentry  
  136  14:23  Stalker x5  
  148  14:26  Pylon  
  148  14:28  Dark Templar  
  146  14:45  Disruptor  
  146  14:49  Stalker x4  
  146  14:50  Sentry  
  159  14:58  High Templar x4  
  159  14:59  Sentry  
  169  15:05  Archon x2  
  169  15:07  Pylon  
  169  15:09  Photon Cannon  
  169  15:18  Disruptor (Chrono Boost)  
  167  15:25  Robotics Facility  
  170  15:29  Zealot x7  
  170  15:32  Pylon  
  170  15:34  Pylon  
  184  15:36  Pylon  
  182  15:49  Zealot x5  
  186  15:50  Zealot x3  
  176  16:17  Stalker x8  
  176  16:18  Stalker x2  
Show
View Real Time Build Order
Export as new Build Order

LiquidClem Terran 

Build Orders: Reaper Expand 

Get SALT Encoding   

  12  0:00  SCV  
  13  0:12  SCV  
  14  0:17  Supply Depot  
  14  0:25  SCV  
  15  0:39  SCV  
  15  0:40  Barracks  
  16  0:44  Refinery  
  16  0:51  SCV  
  17  1:03  SCV  
  18  1:15  SCV  
  19  1:27  Orbital Command, Reaper  
  20  1:40  Command Center  
  20  1:49  Supply Depot  
  20  1:53  SCV  
  21  1:59  Marine  
  22  2:06  Bunker  
  22  2:11  Factory  
  22  2:15  SCV  
  23  2:20  Refinery  
  23  2:22  Barracks Reactor  
  23  2:27  SCV  
  24  2:39  SCV  
  25  2:51  SCV  
  28  2:58  Hellion  
  28  2:59  Orbital Command  
  28  3:00  Starport  
  28  3:03  Marine x2  
  30  3:06  SCV  
  31  3:18  SCV  
  32  3:21  Marine x2  
  32  3:24  Widow Mine  
  36  3:30  SCV  
  36  3:33  Supply Depot  
  36  3:34  SCV  
  38  3:39  Marine x2  
  40  3:46  Viking  
  40  3:47  SCV  
  43  3:48  SCV  
  44  3:57  Marine  
  44  3:59  SCV  
  44  4:00  SCV  
  44  4:02  Factory Tech Lab  
  44  4:04  Marine  
  44  4:07  Supply Depot  
  45  4:11  SCV  
  45  4:15  Barracks  
  45  4:16  SCV  
  46  4:17  Barracks  
  46  4:21  Starport Tech Lab, Cyclone  
  49  4:24  SCV  
  49  4:28  Marine x2, SCV  
  53  4:35  Supply Depot  
  53  4:37  SCV, Refinery  
  54  4:40  SCV  
  54  4:44  Engineering Bay  
  55  4:49  SCV, Starport Reactor  
  55  4:50  Marine x2  
  59  4:52  SCV  
  59  4:58  Supply Depot  
  59  5:01  SCV  
  59  5:04  SCV, Factory Reactor  
  61  5:09  Marine, Stimpack  
  61  5:10  Marine  
  61  5:13  SCV, Combat Shield, Terran Infantry Weapons Level 1  
  64  5:17  SCV  
  64  5:19  Marauder  
  67  5:22  Marauder  
  67  5:25  Supply Depot  
  69  5:29  Refinery  
  69  5:30  Marine x2  
  69  5:31  SCV  
  69  5:32  SCV  
  73  5:36  Medivac  
  73  5:38  Medivac  
  77  5:47  Widow Mine x2, Marauder x2  
  85  5:51  Marine, Supply Depot  
  86  6:02  SCV  
  86  6:04  Missile Turret  
  86  6:05  Missile Turret  
  86  6:07  Supply Depot  
  86  6:12  Marine x2, SCV  
  86  6:13  Widow Mine x2  
  93  6:25  Supply Depot  
  93  6:29  Medivac x2, Marauder x2  
  93  6:32  Concussive Shells, Marine  
  102  6:43  Marine  
  102  6:44  Command Center  
  100  6:51  Widow Mine x2, Marauder  
  100  6:52  SCV  
  100  6:53  SCV  
  106  6:57  Supply Depot  
  104  7:05  Marauder  
  106  7:09  Marine  
  106  7:11  Terran Infantry Armor Level 1  
  106  7:12  Marauder  
  109  7:19  Widow Mine x2  
  113  7:26  Medivac, Barracks, Marauder  
  113  7:27  Barracks  
  109  7:32  Marine x2  
  109  7:34  SCV  
  109  7:35  SCV  
  109  7:39  Marauder  
  109  7:40  Medivac  
  113  7:50  Starport  
  106  7:54  Marine x2  
  103  7:59  SCV, Marauder  
  103  8:00  SCV, Marauder  
  105  8:09  Medivac  
  105  8:12  Marine  
  103  8:15  Barracks Reactor, Barracks Tech Lab  
  103  8:17  Orbital Command  
  98  8:20  SCV  
  98  8:21  SCV, Marauder  
  102  8:31  Armory, Engineering Bay  
  102  8:32  Refinery  
  102  8:36  Viking  
  102  8:38  Viking  
  106  8:41  Viking  
  106  8:43  Viking  
  110  8:51  Marine  
  103  8:56  Marauder  
  103  8:58  Marine  
  103  8:59  Marine  
  105  9:05  Ghost Academy  
  105  9:06  Viking  
  105  9:07  Marine, Marauder x2  
  105  9:09  SCV, Viking  
  105  9:11  Viking  
  105  9:14  Marine  
  105  9:16  Marine x2, Viking  
  107  9:18  SCV x2  
  108  9:24  Marauder  
  108  9:27  Marine  
  108  9:28  Terran Infantry Weapons Level 2  
  108  9:30  Supply Depot, Terran Infantry Armor Level 2  
  107  9:37  Medivac  
  107  9:38  Ghost  
  109  9:41  Marine x2  
  109  9:42  Marine  
  114  9:47  Ghost  
  114  9:48  Marine  
  114  9:51  Supply Depot x2  
  117  9:59  Marine x3  
  119  10:00  Marine  
  119  10:02  Viking  
  119  10:06  Marine, Viking  
  126  10:14  Command Center  
  126  10:17  Marine x2  
  126  10:20  Sensor Tower  
  128  10:23  Marine  
  128  10:24  Viking  
  128  10:25  Medivac, Missile Turret  
  133  10:29  Marine  
  133  10:31  Supply Depot  
  133  10:32  Marine  
  133  10:34  Marine x2, Ghost  
  139  10:40  Terran Ship Weapons Level 1  
  139  10:41  Marine, Viking  
  142  10:47  Marine, Supply Depot  
  143  10:52  Marine, Enhanced Shockwaves  
  143  10:54  Marine  
  143  10:55  Marauder  
  143  10:56  Marauder  
  149  10:59  Marine  
  150  11:06  Marauder  
  150  11:10  Marine  
  149  11:16  SCV x3, Marauder  
  139  11:19  Medivac  
  139  11:24  Marine x2  
  141  11:27  Marauder  
  141  11:28  SCV  
  141  11:31  SCV  
  141  11:32  SCV  
  147  11:36  Marine x2, Marauder  
  147  11:38  Marauder  
  152  11:40  SCV, Missile Turret, Barracks  
  152  11:41  Marine, Barracks  
  152  11:44  SCV  
  155  11:48  Ghost  
  155  11:55  Marine  
  155  11:58  Marauder  
  151  12:04  Marine x2  
  151  12:08  Medivac x2  
  156  12:09  Marine  
  156  12:10  Marauder  
  150  12:17  Marauder  
  150  12:20  Marine, Marauder  
  131  12:25  SCV  
  131  12:28  Barracks Tech Lab x2  
  105  12:31  Marine x2, Marauder  
  105  12:32  SCV  
  105  12:35  SCV  
  102  12:38  Marauder  
  102  12:41  SCV  
  102  12:44  Marauder  
  102  12:53  Marauder  
  102  12:57  SCV x3  
  107  13:02  Orbital Command  
  106  13:09  SCV  
  106  13:12  SCV  
  108  13:14  SCV  
  109  13:21  SCV  
  109  13:22  Medivac  
  109  13:24  SCV  
  109  13:26  Marauder  
  115  13:31  Marauder  
  115  13:32  Marauder  
  114  13:39  Marine x2  
  114  13:40  Marine  
  112  13:44  Marine  
  112  13:45  Marauder  
  112  13:47  Medivac  
  115  13:53  Marauder  
  115  13:55  SCV  
  98  14:00  SCV  
  98  14:01  Marine, Marauder  
  94  14:03  SCV  
  94  14:05  SCV  
  94  14:09  Marine  
  94  14:10  SCV, Marauder x2  
  94  14:12  SCV  
  94  14:16  SCV, Missile Turret  
  101  14:17  SCV  
  102  14:29  Ghost  
  102  14:31  Marauder x2  
  108  14:37  Marine x3, Medivac  
  108  14:38  Marine x2, SCV  
  102  14:39  SCV  
  102  14:40  SCV  
  105  14:56  SCV x2  
  105  15:01  Ghost  
  105  15:02  Marauder  
  105  15:05  SCV  
  110  15:08  SCV  
  110  15:09  Marine, Marauder x2  
  110  15:12  Marine  
  117  15:20  Ghost  
  116  15:24  SCV  
  116  15:26  SCV  
  116  15:27  Missile Turret  
  118  15:29  Marine x2  
  118  15:34  Refinery  
  120  15:37  Marauder  
  120  15:38  Marauder x2, Ghost  
  120  15:40  Marine x2  
  130  15:43  SCV  
  130  15:47  Marine  
  130  15:49  Marine  
  129  15:51  Ghost  
  129  15:59  Marauder  
  126  16:04  Marine x2  
  126  16:06  Marauder  
  126  16:10  Marine x2  
  125  16:12  SCV  
  125  16:13  Marine  
  125  16:16  Marauder  
  125  16:18  SCV  
Tags
 
Add a new tag
Caveats
  • Supply blocks, unpowered buildings, or Contaminate may cause inaccurate times.
  • Supply counts are checked every 10 seconds.